 Dungeon Crawl Stone Soup version 0.20.1-1-g8b1a95d (webtiles) character file.

2734 equalderp2856 the Cleaver (level 9, -4/78 HPs)
             Began as a Minotaur Fighter on July 22, 2017.
             Slain by a vampire (5 damage)
             ... on level 6 of the Dungeon.
             The game lasted 00:14:01 (6604 turns).

equalderp2856 the Cleaver (Minotaur Fighter)        Turns: 6604, Time: 00:14:02

Health: -4/78      AC:  9    Str: 22    XL:     9   Next: 40%
Magic:  12/12      EV: 10    Int:  5    God:
Gold:   311        SH:  0    Dex: 12    Spells: 14/14 levels left

rFire    . . .     SeeInvis .   A - +3 hand axe
rCold    . . .     Gourm    .   c - +0 shield
rNeg     . . .     Faith    .   b - +0 scale mail
rPois    .         Spirit   .   (helmet restricted)
rElec    .         Reflect  .   (no cloak)
rCorr    .         Harm     .   u - +0 pair of gloves
MR       +....                  (no boots)
Stlth    ..........             (no amulet)
Regen    0.3/turn               (no ring)
MPRegen  0.2/turn               (no ring)

@: confused
A: retaliatory headbutt, fangs 1, horns 2, magic resistance 1, screaming 1
a: no special abilities


You were on level 6 of the Dungeon.
You were not hungry.

You visited 1 branch of the dungeon, and saw 6 of its levels.

You collected 311 gold pieces.

Inventory:

Hand Weapons
 a - a +0 war axe
 o - a +0 short sword
 q - a +2 dagger of venom
 A - a +3 hand axe (weapon)
 E - a +1 flail of holy wrath
 G - a +0 glaive
 J - a +0 dire flail of protection
 K - a +0 shortbow
 N - a +1 short sword of protection
 P - a +4 short sword of protection
 T - a +0 shortbow
Missiles
 p - 114 arrows
 s - 217 stones (quivered)
 y - 8 curare-tipped needles
 z - 4 tomahawks
 I - 16 poisoned needles
Armour
 b - a +0 scale mail (worn)
 c - a +0 shield (worn)
 r - a +0 helmet
 u - a +0 pair of gloves (worn)
 F - a +0 pair of gloves
 O - a +2 leather armour of fire resistance
Jewellery
 n - a +3 ring of strength {unknown}
 w - a +4 ring of evasion {unknown}
 S - an uncursed ring of flight {unknown}
Wands
 H - a wand of paralysis (19/24)
 L - a wand of flame (25/48)
 R - a wand of digging (17/24)
Scrolls
 i - 8 scrolls of identify {unknown}
 j - 4 scrolls of magic mapping {unknown}
 l - 7 scrolls of teleportation {unknown}
 m - a scroll of blinking {unknown}
 v - 2 scrolls of amnesia {unknown}
 B - a scroll of fear {unknown}
 D - 2 scrolls of remove curse {unknown}
Potions
 d - 2 potions of might
 g - a potion of haste
 h - a potion of cancellation
 k - 4 potions of lignification {unknown}
 C - a potion of resistance {unknown}
 M - 3 potions of curing {unknown}
 Q - 2 potions of flight {unknown}
Comestibles
 f - 3 bread rations
 t - 5 meat rations
 x - 2 fruits


   Skills:
 * Level 6.6 Fighting
 + Level 8.8 Axes
 + Level 7.8 Armour
 + Level 3.2 Dodging
 + Level 0.8 Stealth
 + Level 7.4 Shields
 + Level 3.0 Spellcasting


You had 14 spell levels left.
You didn't know any spells.

Dungeon Overview and Level Annotations

Branches:
Dungeon (6/15)
 Temple: D:4-7

Altars:
Fedhas
Gozag

Shops:
D:5 [%


Innate Abilities, Weirdness & Mutations

You reflexively headbutt those who attack you in melee.
You have a pair of horns on your head.
You have very sharp teeth.
You are resistant to hostile enchantments. (MR+)
You occasionally shout uncontrollably at your foes.


Message History

You block something's attack. x2
The worker ant bites you but does no damage.
You barely miss something. You hit the worker ant.
A vampire appears from thin air!
Reactivating autopickup.
The vampire hits you.
* * * LOW HITPOINT WARNING * * *
The vampire bites you but does no damage.
The worker ant barely misses you.
You hit the vampire but do no damage.
The vampire is lightly damaged.
You hit the worker ant.
You kill the worker ant!
The vampire gestures at you while chanting.
You are confused.
Unknown command.
You hit the vampire but do no damage. You headbutt the vampire!
The vampire is heavily damaged.
The vampire hits you.
You die...

.........###.....#.###
#.......## #.......#
##.....## #####.###
##...## #.# ##+## #.#
#.# #.# #V# #@#
........# #########


You could see a vampire.

Vanquished Creatures
  The ghost of NoNouf the Skirmisher, an amateur OgHu (D:4)
  Grinder (D:5)
  Sigmund (D:6)
  A hungry ghost (D:6)
  Edmund (D:5)
  Duvessa (D:6)
  3 phantoms
  A sky beast (D:6)
  An ice beast (D:4)
  An ogre (D:6)
  The ghost of nihilbene the Chopper, an amateur DsCK of Xom (D:3)
  2 centaurs
  A bullfrog (D:6)
  Dowan (D:6)
  3 scorpions
  A crimson imp (D:5)
  3 hounds
  3 orc priests
  3 iguanas
  5 orc wizards
  Ijyb (D:5)
  5 worker ants
  3 adders
  A shadow imp (D:6)
  2 oozes (D:2)
  2 adder skeletons (D:4)
  2 adder zombies (D:6)
  3 worms
  4 dart slugs
  2 leopard geckos
  11 orcs
  2 ball pythons
  2 giant cockroaches (D:4)
  11 goblins
  5 hobgoblins
  12 jackals
  7 kobolds
  4 quokkas
  8 bats
  2 frilled lizards
  10 rats
134 creatures vanquished.

Notes
Turn   | Place    | Note
-------+----------+-------------------------------------------
     0 | D:1      | equalderp2856 the Minotaur Fighter began the quest for the Orb.
     0 | D:1      | Reached XP level 1. HP: 19/19 MP: 0/0
   116 | D:1      | Reached XP level 2. HP: 27/27 MP: 1/1
   923 | D:2      | Reached XP level 3. HP: 29/33 MP: 2/2
  1417 | D:2      | Reached skill level 3 in Axes
  1860 | D:3      | Reached XP level 4. HP: 31/40 MP: 3/3
  1893 | D:3      | Noticed nihilbene's ghost (amateur DsCK)
  1899 | D:3      | Paralysed by nihilbene's ghost for 6 turns
  1930 | D:3      | HP: 2/40 [poisoned by nihilbene's ghost]
  2447 | D:3      | Killed nihilbene's ghost
  2447 | D:3      | Reached skill level 4 in Axes
  2447 | D:3      | Reached skill level 1 in Dodging
  2447 | D:3      | Reached skill level 5 in Shields
  2447 | D:3      | Reached XP level 5. HP: 34/46 MP: 4/4
  2782 | D:3      | Reached XP level 6. HP: 38/52 MP: 6/6
  3064 | D:3      | Reached skill level 1 in Spellcasting
  3398 | D:4      | Reached skill level 5 in Armour
  3559 | D:4      | Noticed an ice beast
  3565 | D:4      | Killed an ice beast
  3565 | D:4      | Reached XP level 7. HP: 41/60 MP: 8/8
  3806 | D:4      | Reached skill level 5 in Axes
  4185 | D:4      | Noticed NoNouf's ghost (amateur OgHu)
  4211 | D:4      | Killed NoNouf's ghost
  4320 | D:5      | Entered Level 5 of the Dungeon
  4371 | D:5      | Noticed Grinder
  4378 | D:5      | Paralysed by Grinder for 3 turns
  4389 | D:5      | Killed Grinder
  4389 | D:5      | Reached skill level 5 in Fighting
  4389 | D:5      | Reached skill level 6 in Axes
  4389 | D:5      | Reached XP level 8. HP: 19/68 MP: 10/10
  4713 | D:5      | Noticed Ijyb
  4724 | D:5      | Killed Ijyb
  4834 | D:5      | Found Doduada's Armour Emporium.
  4862 | D:5      | Noticed Edmund
  4888 | D:5      | Killed Edmund
  4896 | D:5      | Reached skill level 7 in Axes
  4975 | D:5      | Found a blossoming altar of Fedhas.
  4997 | D:5      | Found Saha's Food Emporium.
  5627 | D:6      | Noticed Duvessa
  5654 | D:6      | Killed Duvessa
  5984 | D:6      | Noticed Dowan
  5995 | D:6      | Killed Dowan
  6085 | D:6      | Noticed Sigmund
  6129 | D:6      | Killed Sigmund
  6129 | D:6      | Reached skill level 8 in Axes
  6129 | D:6      | Reached XP level 9. HP: 55/75 MP: 12/12
  6228 | D:6      | Found an opulent altar of Gozag.
  6581 | D:6      | Gained mutation: You occasionally shout uncontrollably at your foes. [potion of mutation]
  6581 | D:6      | Gained mutation: You have very sharp teeth. [potion of mutation]
  6581 | D:6      | Gained mutation: You are resistant to hostile enchantments. (MR+) [potion of mutation]
  6600 | D:6      | HP: 3/78 [something (2)]
  6602 | D:6      | HP: 1/78 [vampire (3)]
  6604 | D:6      | Slain by a vampire

Skill      XL: |  1  2  3  4  5  6  7  8  9 |
---------------+----------------------------+-----
Shields        | 4 5 6 7 |  7.4
Fighting       | 4 5 6 |  6.6
Armour         | 4 5 6 7 |  7.8
Axes           | 3 4 6 8 |  8.8
Dodging        | 1 2 3 |  3.2
Spellcasting   | 1 2 3 |  3.0
Stealth        | |  0.8

Action                   |  1- 3 |  4- 6 |  7- 9 || total
-------------------------+-------+-------+-------++-------
Melee: War axe           |    90 |    99 |       ||   189
       Headbutt          |    13 |    27 |    54 ||    94
       Hand axe          |       |    31 |   293 ||   324
       Bite              |       |       |     1 ||     1
  Use: Potion            |       |       |     3 ||     3
  Eat: Chunk             |     2 |     7 |     9 ||    18
       Bread ration      |       |       |     1 ||     1
Armor: Scale mail        |    36 |    53 |    98 ||   187
Dodge: Dodged            |    35 |    42 |    57 ||   134
Block: Shield            |    59 |    74 |   142 ||   275
